 Dungeon Crawl Stone Soup version 0.30-a0-1018-g25214051b3 (webtiles) character file.

Game seed: 7382315743470260878

353 Jeffwins the Trooper (level 6, 0/52 HPs)
             Began as a Human Wanderer on Apr 7, 2023.
             Slain by a hound (4 damage)
             ... on level 3 of the Dungeon.
             The game lasted 00:04:19 (2361 turns).

Jeffwins the Trooper (Human Wanderer)               Turns: 2361, Time: 00:04:20

Health: 0/52       AC:  5    Str: 11    XL:     6   Next: 94%
Magic:  9/9        EV: 11    Int: 15    God:
Gold:   141        SH:  0    Dex: 13    Spells: 9/9 levels left

rFire   . . .      SeeInvis .    a - +3 falchion
rCold   . . .      Faith    .    (no shield)
rNeg    . . .      Spirit   .    h - +0 leather armour
rPois   .          Reflect  .    e - +1 helmet
rElec   .          Rampage  .    (no cloak)
rCorr   .                        (no gloves)
Will    +....                    (no boots)
Stlth   +                        (no amulet)
HPRegen 0.28/turn                r - ring of willpower
MPRegen 0.11/turn                (no ring)

@: about to teleport
A: no striking features
a: no special abilities


You were on level 3 of the Dungeon.
You visited 1 branch of the dungeon, and saw 3 of its levels.

You collected 141 gold pieces.


   Skills:
 + Level 5.7 Fighting
 * Level 5.1 Long Blades
 + Level 2.9 Throwing
 - Level 1.0 Dodging
 + Level 2.4 Spellcasting


You had 9 spell levels left.
You didn't know any spells.
Your spell library contained the following spells:

 Spells                   Type           Power      Damage    Failure   Level
 Slow                     Hex            4%         N/A       28%         1
 Confusing Touch          Hex            1%         N/A       63%         3
 Vampiric Draining        Necr           1%         2d6       63%         3

Inventory:

Hand Weapons
 a - a +3 falchion (weapon)
 o - the +5 dagger "Beast's Demise" {heavy, rElec Str+2}
   (You found it on level 2 of the Dungeon)

   Str:       It affects your strength (+2).
   rElec:     It insulates you from electricity.
 t - a +2 dagger of electrocution
Missiles
 s - 3 boomerangs (quivered)
Armour
 d - a +0 robe
 e - a +1 helmet (worn)
 h - a +0 leather armour (worn)
 l - the +0 robe "Aroafug" {rElec rF- Int+2 Dex+3}
   (You found it on level 2 of the Dungeon)

   Int:       It affects your intelligence (+2).
   Dex:       It affects your dexterity (+3).
   rF:        It makes you vulnerable to fire.
   rElec:     It insulates you from electricity.
 n - the +1 ring mail "Upaum" {+Blink rPois rCorr Str-5}
   (You found it on level 2 of the Dungeon)

   Str:       It affects your strength (-5).
   rPois:     It protects you from poison.
   +Blink:    It lets you blink.
   rCorr:     It protects you from acid and corrosion.
Jewellery
 r - a ring of willpower (left hand)
Scrolls
 b - 2 scrolls of silence {!r}
 f - 3 scrolls of noise {unknown}
 g - 2 scrolls of fear {unknown}
 i - a scroll of acquirement {unknown}
 k - a scroll of immolation {unknown}
 m - a scroll of fog {unknown}
 p - a scroll of blinking {unknown}
 q - a scroll of identify {unknown}
Potions
 j - 2 potions of attraction {unknown}

Dungeon Overview and Level Annotations

Branches:
Dungeon (3/15)

Altars:

▒#▒▓▒#▒▓### ▒.▒.▒.▒(..## ####
.▒.▓.▒.▓#..## #..# ##
▒▓▒.▒▓▒.....###..# ..#
.▒.▓.▒.▓..#..##.P#...# ######
▒.▒ ▒.▒..###....@hg..# #....#
▒#▒ ▒#▒▓## ##...P#+#+# #....#
#.#..# #....# #####
#....#######....# ......
#...............# ......#####
#.........#.....#
........<.######..#####.....#
....##............# #.....#
.....##........#)## ###.....#


You could see a hound and a gnoll.


Message History

* * * LOW HITPOINT WARNING * * *
The gnoll closely misses you.
You are too injured to fight recklessly!
Unknown command.
You slash the hound!
You kill the hound!
The gnoll closely misses you. The hound bites you.
* * * LOW HITPOINT WARNING * * *
Unknown command.
You hit the hound.
The hound is lightly wounded.
The hound bites you.
* * * LOW HITPOINT WARNING * * *
The gnoll hits you from afar with a +0 spear.
* * * LOW HITPOINT WARNING * * *
Unknown command.
You barely miss the hound.
The hound is lightly wounded.
The hound bites you.
* * * LOW HITPOINT WARNING * * *
The gnoll hits you from afar with a +0 spear.
* * * LOW HITPOINT WARNING * * *
The hound barely misses you.
As you read the scroll of teleportation {@r4}, it crumbles to dust.
You feel strangely unstable. The hound bites you.
* * * LOW HITPOINT WARNING * * *
The gnoll hits you from afar with a +0 spear.
* * * LOW HITPOINT WARNING * * *
The hound attacks as you move away! The hound bites you.
You die...

Skill      XL: |  1  2  3  4  5  6 |
---------------+-------------------+-----
Long Blades    | 4 5 |  5.1
Throwing       | 2 |  2.9
Spellcasting   | 1 2 |  2.4
Fighting       | |  5.7
Dodging        | |  1.0

Action                     |  1- 3 |  4- 6 || total
---------------------------+-------+-------++-------
  Melee: Falchion          |    69 |   126 ||   195
         Punch             |     1 |     1 ||     2
    Use: Scroll            |       |     2 ||     2
         Potion            |       |     2 ||     2
 Armour: Robe              |     6 |       ||     6
         Leather armour    |     5 |    34 ||    39
  Dodge: Dodged            |    37 |    85 ||   122

Levels and vault maps discovered:
D:1:      elethiomel_arrival_infinity_welcomes_careful_drivers, layout_rooms
D:2:      layout_basic, uniq_sigmund
D:3:      layout_rooms, serial_bayou_lagoon_a, roderic_roman_lattice,
          cheibrodos_gnoll_hut, uniq_robin

Notes
Turn   | Place    | Note
-------+----------+-------------------------------------------
     0 | D:1      | Jeffwins the Human Wanderer began the quest for the Orb.
     0 | D:1      | Jeffwins set off with the following items: a +3 falchion, a
                  | scroll of silence {!r}, a scroll of teleportation {@r4}, a
                  | +0 robe.
     0 | D:1      | Reached XP level 1. HP: 21/21 MP: 1/1
   112 | D:1      | Reached XP level 2. HP: 19/27 MP: 2/2
   599 | D:1      | Reached XP level 3. HP: 33/33 MP: 4/4
   817 | D:2      | Noticed Sigmund
   846 | D:2      | Killed Sigmund
   847 | D:2      | Reached skill level 4 in Long Blades
   847 | D:2      | Reached skill level 2 in Throwing
   847 | D:2      | Reached skill level 1 in Spellcasting
   847 | D:2      | Reached XP level 4. HP: 31/39 MP: 4/6
   847 | D:2      | Reached XP level 5. HP: 36/44 MP: 4/7
   914 | D:2      | Reached XP level 6. HP: 49/51 MP: 8/8
  1008 | D:2      | You fall into a shaft and drop 1 floor!
  1126 | D:2      | Reached skill level 2 in Spellcasting
  1130 | D:2      | Identified the +0 robe "Aroafug" {rElec rF- Int+2 Dex+3}
  1175 | D:2      | Identified the +1 ring mail "Upaum" {+Blink rPois rCorr
                  | Str-5}
  1245 | D:2      | Identified the +5 dagger "Beast's Demise" {heavy, rElec
                  | Str+2}
  1706 | D:3      | Noticed Robin
  2120 | D:3      | HP: 2/52 [goblin/+0 club[Robin] (5)]
  2125 | D:3      | Reached skill level 5 in Long Blades
  2131 | D:3      | Killed Robin
  2360 | D:3      | HP: 5/52 [hound (3)]
  2361 | D:3      | Slain by a hound

Vanquished Creatures
  Sigmund (D:2)
  An orc priest (D:3)
  A hound (D:3)
  An orc wizard (D:3)
  Robin (D:3)
  2 adders (D:3)
  6 orcs (D:3)
  6 ball pythons
  7 endoplasms
  2 giant cockroaches
  4 hobgoblins (D:1)
  7 kobolds
  3 quokkas
  5 bats
  3 frilled lizards
  19 goblins
  3 rats
72 creatures vanquished.

Vanquished Creatures (others)
  3 plants (D:3)
3 creatures vanquished.

Grand Total: 75 creatures vanquished

Table legend: (Time is in decaauts)
 A = Elapsed time spent in this place.
 B = Non-inter-level travel time spent in this place.
 C = Inter-level travel time spent in this place.
 D = Time resting spent in this place.
 E = Time spent auto-exploring this place.
 F = Levels seen in this place.
 G = Mean time per level.
                   A        B        C        D        E       F      G
               +--------+--------+--------+--------+--------+-----+--------+
         Total |   2389 |   2354 |     35 |     14 |   1813 |   3 |  796.3 |
       Dungeon |   2389 |   2354 |     35 |     14 |   1813 |   3 |  796.3 |
               +--------+--------+--------+--------+--------+-----+--------+

Top non-repeatable levels by time:
     D:3: 980 daAuts
     D:1: 824 daAuts
     D:2: 585 daAuts

Table legend:
 A = Non-vault XP
 B = Vault XP
 C = Vault XP percentage of total XP
 D = Non-vault monster count
 E = Vault monster count
 F = Vault count percentage of total count
                 A         B        C        D         E       F
            +---------+---------+-------+---------+---------+-------
      Total |     205 |     300 |  59.4 |      58 |      14 |  19.4
            +---------+---------+-------+---------+---------+-------
        D:1 |      38 |       0 |   0.0 |      22 |       0 |   0.0
        D:2 |      25 |     223 |  89.9 |      15 |       1 |   6.2
        D:3 |     142 |      77 |  35.2 |      21 |      13 |  38.2
            +---------+---------+-------+---------+---------+-------
